TOP OF THE 1ST |
Maui Tropics batting - Pitching for Niagara Falls Frenzy : RHP George Nelson
|
Pitching: RHP George Nelson
|
|
Batting: RHB Jeff Packard
|
0-0: Ball 1-0: Called Strike 1-1: Ground out 6-3 (Groundball, 6M)
|
Batting: RHB Eugene Gill
|
0-0: Ground out U3 (Groundball, 3L)
|
Batting: RHB José Herrera
|
0-0: Called Strike 0-1: Ball 1-1: Swinging Strike 1-2: SINGLE (Groundball, 56)
|
Batting: LHB Luis Antonio Torres
|
0-0: Called Strike 0-1: SINGLE (Line Drive, 9S) José Herrera to second
|
Batting: LHB Anacleto Morillo
|
0-0: Ball 1-0: Foul Ball, location: 2F 1-1: Foul Ball, location: 2F 1-2: Ball 2-2: Fly out, F7 (Flyball, 7LM)
|
Top of the 1st over - 0 run(s), 2 hit(s), 0 error(s), 2 left on base; Maui 0 - Niagara Falls 0 |
BOTTOM OF THE 1ST |
Niagara Falls Frenzy batting - Pitching for Maui Tropics : RHP Luis De Los Ángeles
|
Pitching: RHP Luis De Los Ángeles
|
|
Batting: SHB Martín De Jesús
|
0-0: Ball 1-0: Bunt missed! 1-1: Ground out 1-3 (Groundball, 34S)
|
Batting: RHB Zander Tremblett
|
0-0: Called Strike 0-1: Fly out, F7 (Flyball, 7D)
|
Batting: LHB Clyde Yarbrough
|
0-0: Ball 1-0: Fly out, F8 (Flyball, 8RXD)
|
Bottom of the 1st over - 0 run(s), 0 hit(s), 0 error(s), 0 left on base; Maui 0 - Niagara Falls 0 |
TOP OF THE 2ND |
Maui Tropics batting - Pitching for Niagara Falls Frenzy : RHP George Nelson
|
Batting: RHB Michael Woodruff
|
0-0: Ball 1-0: Called Strike 1-1: Foul Ball, location: 2F 1-2: Strikes out looking
|
Batting: LHB Henry Huffman
|
0-0: Ball 1-0: Ball 2-0: Ground out U3 (Groundball, 3S)
|
Batting: RHB Matt Silver
|
0-0: Ball 1-0: Ball 2-0: Fly out, F8 (Flyball, 8RD)
|
Top of the 2nd over - 0 run(s), 0 hit(s), 0 error(s), 0 left on base; Maui 0 - Niagara Falls 0 |
BOTTOM OF THE 2ND |
Niagara Falls Frenzy batting - Pitching for Maui Tropics : RHP Luis De Los Ángeles
|
Batting: LHB Dante Owens
|
0-0: Ball 1-0: Called Strike 1-1: DOUBLE (Line Drive, 89XD)
|
Batting: RHB Lawrence Schroeder
|
0-0: SINGLE (Groundball, 34D) Dante Owens to third
|
Batting: LHB Bill Hall
|
0-0: Ball 1-0: Swinging Strike 1-1: Ball 2-1: Foul Ball, location: 2F 2-2: Ball 3-2: Grounds into double play, 4-6-3 (Groundball, 34) Dante Owens scores
|
Batting: RHB Keitaro Suzuki
|
0-0: Ground out U3 (Groundball, 3L)
|
Bottom of the 2nd over - 1 run(s), 2 hit(s), 0 error(s), 0 left on base; Maui 0 - Niagara Falls 1 |
TOP OF THE 3RD |
Maui Tropics batting - Pitching for Niagara Falls Frenzy : RHP George Nelson
|
Batting: LHB Javier Espinoza
|
0-0: Called Strike 0-1: Fly out, F6 (Popup, 56)
|
Batting: RHB Jeff Packard
|
0-0: Ball 1-0: Swinging Strike 1-1: Swinging Strike 1-2: Fly out, F8 (Flyball, 8RS)
|
Batting: RHB Eugene Gill
|
0-0: Ball 1-0: Swinging Strike 1-1: Ball 2-1: Ball 3-1: Foul Ball, location: 2F 3-2: Fly out, F7 (Line Drive, 7D)
|
Top of the 3rd over - 0 run(s), 0 hit(s), 0 error(s), 0 left on base; Maui 0 - Niagara Falls 1 |
BOTTOM OF THE 3RD |
Niagara Falls Frenzy batting - Pitching for Maui Tropics : RHP Luis De Los Ángeles
|
Batting: RHB Jung-ha Kim
|
0-0: Ball 1-0: Called Strike 1-1: SINGLE (Groundball, 15S) (infield hit)
|
Batting: RHB Hidetada Kichida
|
0-0: Swinging Strike 0-1: Ball 1-1: Ball 2-1: Ground out U3 (Groundball, 3S) Jung-ha Kim to second
|
Batting: SHB Martín De Jesús
|
0-0: SINGLE (Popup, 5D) Jung-ha Kim to third Runner from 3rd tries for Home, SAFE, no throw or cutoff
|
Batting: RHB Zander Tremblett
|
0-0: Called Strike 0-1: Fly out, F8 (Flyball, 8RXD)
|
Batting: LHB Clyde Yarbrough
|
0-0: Ball 1-0: Ball 2-0: Called Strike 2-1: Fielders Choice at 2nd, 5-4 (Groundball, 56)
|
Bottom of the 3rd over - 1 run(s), 2 hit(s), 0 error(s), 0 left on base; Maui 0 - Niagara Falls 2 |
TOP OF THE 4TH |
Maui Tropics batting - Pitching for Niagara Falls Frenzy : RHP George Nelson
|
Batting: RHB José Herrera
|
0-0: Ball 1-0: Ground out 5-3 (Groundball, 5)
|
Batting: LHB Luis Antonio Torres
|
0-0: Ball 1-0: Ball 2-0: Swinging Strike 2-1: Foul Ball, location: 2F 2-2: Foul Ball, location: 2F 2-2: Ball 3-2: SINGLE (Flyball, 89S)
|
Batting: LHB Anacleto Morillo
|
0-0: Ball 1-0: Ball 2-0: Swinging Strike 2-1: Called Strike 2-2: Foul Ball, location: 2F 2-2: Strikes out looking
|
Batting: RHB Michael Woodruff
|
0-0: Ball 1-0: Ground out U3 (Groundball, 3L)
|
Top of the 4th over - 0 run(s), 1 hit(s), 0 error(s), 1 left on base; Maui 0 - Niagara Falls 2 |
BOTTOM OF THE 4TH |
Niagara Falls Frenzy batting - Pitching for Maui Tropics : RHP Luis De Los Ángeles
|
Batting: LHB Dante Owens
|
0-0: Called Strike 0-1: Foul Ball, location: 2F 0-2: Ball 1-2: Ball 2-2: Fly out, F8 (Flyball, 8LD)
|
Batting: RHB Lawrence Schroeder
|
0-0: Ball 1-0: Called Strike 1-1: Ball 2-1: Ground out 4-3 (Groundball, 4)
|
Pitching: LHP Mark Stewart
|
|
Batting: LHB Bill Hall
|
0-0: Called Strike 0-1: Ball 1-1: Ground out 4-3 (Groundball, 34)
|
Bottom of the 4th over - 0 run(s), 0 hit(s), 0 error(s), 0 left on base; Maui 0 - Niagara Falls 2 |
TOP OF THE 5TH |
Maui Tropics batting - Pitching for Niagara Falls Frenzy : RHP George Nelson
|
Batting: LHB Henry Huffman
|
0-0: Fly out, F9 (Flyball, 9M)
|
Batting: RHB Matt Silver
|
0-0: Ball 1-0: Fly out, F4 (Popup, 34D)
|
Batting: LHB Javier Espinoza
|
0-0: Called Strike 0-1: Ground out 5-3 (Groundball, 56)
|
Top of the 5th over - 0 run(s), 0 hit(s), 0 error(s), 0 left on base; Maui 0 - Niagara Falls 2 |
BOTTOM OF THE 5TH |
Niagara Falls Frenzy batting - Pitching for Maui Tropics : LHP Mark Stewart
|
Batting: RHB Keitaro Suzuki
|
0-0: SOLO HOME RUN (Flyball, 78XD), Distance : 395 ft
|
Batting: RHB Jung-ha Kim
|
0-0: SINGLE (Groundball, 6MD)
|
Batting: RHB Hidetada Kichida
|
0-0: Grounds into double play, 5-4-3 (Groundball, 56)
|
Batting: SHB Martín De Jesús
|
0-0: Ball 1-0: SINGLE (Groundball, 4MD)
|
Batting: RHB Zander Tremblett
|
0-0: Ball 1-0: Foul Ball, location: 2F 1-1: Ground out 5-3 (Groundball, 5S)
|
Bottom of the 5th over - 1 run(s), 3 hit(s), 0 error(s), 1 left on base; Maui 0 - Niagara Falls 3 |
TOP OF THE 6TH |
Maui Tropics batting - Pitching for Niagara Falls Frenzy : RHP George Nelson
|
Batting: RHB Jeff Packard
|
0-0: Fly out, F3 (Popup, 3F)
|
Batting: RHB Eugene Gill
|
0-0: Called Strike 0-1: Fly out, F9 (Line Drive, 9D)
|
Batting: RHB José Herrera
|
0-0: SINGLE (Groundball, 56D)
|
Batting: LHB Luis Antonio Torres
|
0-0: Ground out 4-3 (Groundball, 4)
|
Top of the 6th over - 0 run(s), 1 hit(s), 0 error(s), 1 left on base; Maui 0 - Niagara Falls 3 |
BOTTOM OF THE 6TH |
Niagara Falls Frenzy batting - Pitching for Maui Tropics : LHP Mark Stewart
|
Batting: LHB Clyde Yarbrough
|
0-0: Called Strike 0-1: Ball 1-1: Foul Ball, location: 2F 1-2: Foul Ball, location: 2F 1-2: Ball 2-2: SINGLE (Flyball, 9LS)
|
Batting: LHB Dante Owens
|
0-0: Foul Ball, location: 2F 0-1: Ball 1-1: Foul Ball, location: 2F 1-2: Fly out, F5 (Popup, 5SF)
|
Batting: RHB Lawrence Schroeder
|
0-0: Swinging Strike 0-1: Ball 1-1: DOUBLE (Groundball, 3L) Clyde Yarbrough to third Runner from 3rd tries for Home, throw and OUT! Lawrence Schroeder to third
|
Batting: LHB Bill Hall
|
0-0: Foul Ball, location: 2F 0-1: Foul Ball, location: 2F 0-2: Ball 1-2: Ball 2-2: SINGLE (Groundball, 3D) Lawrence Schroeder scores
|
Batting: RHB Keitaro Suzuki
|
0-0: Ball Wild Pitch! Bill Hall to second 1-0: Ground out 4-3 (Groundball, 34)
|
Bottom of the 6th over - 1 run(s), 3 hit(s), 0 error(s), 1 left on base; Maui 0 - Niagara Falls 4 |
TOP OF THE 7TH |
Maui Tropics batting - Pitching for Niagara Falls Frenzy : RHP George Nelson
|
Batting: LHB Anacleto Morillo
|
0-0: Foul Ball, location: 2F 0-1: Ball 1-1: Swinging Strike 1-2: Fly out, F4 (Line Drive, 4)
|
Batting: RHB Michael Woodruff
|
0-0: Called Strike 0-1: Foul Ball, location: 2F 0-2: Ball 1-2: Ball 2-2: Strikes out swinging
|
Batting: LHB Henry Huffman
|
0-0: Ball 1-0: Foul Ball, location: 2F 1-1: SINGLE (Flyball, 8LS)
|
Batting: RHB Matt Silver
|
0-0: Called Strike 0-1: Called Strike 0-2: Fly out, F8 (Flyball, 8RM)
|
Top of the 7th over - 0 run(s), 1 hit(s), 0 error(s), 1 left on base; Maui 0 - Niagara Falls 4 |
BOTTOM OF THE 7TH |
Niagara Falls Frenzy batting - Pitching for Maui Tropics : LHP Mark Stewart
|
Pitching: RHP Chuk-yan Zhuan
|
|
Batting: RHB Jung-ha Kim
|
0-0: Ball 1-0: Ground out 5-3 (Groundball, 5L)
|
Batting: RHB Hidetada Kichida
|
0-0: Fly out, F7 (Flyball, 7LM)
|
Batting: SHB Martín De Jesús
|
0-0: Called Strike 0-1: Ball 1-1: Ball 2-1: Ball 3-1: Ground out U3 (Groundball, 3)
|
Bottom of the 7th over - 0 run(s), 0 hit(s), 0 error(s), 0 left on base; Maui 0 - Niagara Falls 4 |
TOP OF THE 8TH |
Maui Tropics batting - Pitching for Niagara Falls Frenzy : RHP George Nelson
|
Batting: LHB Javier Espinoza
|
0-0: Foul Ball, location: 2F 0-1: Ball 1-1: Ball 2-1: SINGLE (Line Drive, 56D)
|
Batting: RHB Jeff Packard
|
0-0: Called Strike 0-1: Ball 1-1: Foul Ball, location: 2F 1-2: Foul Ball, location: 2F 1-2: Ball 2-2: Strikes out swinging
|
Batting: RHB Eugene Gill
|
0-0: Ball 1-0: Ball 2-0: DOUBLE (Line Drive, 7D) Javier Espinoza to third
|
Batting: RHB José Herrera
|
0-0: Called Strike 0-1: Ball 1-1: Fly out, F3 (Popup, 3)
|
Batting: LHB Luis Antonio Torres
|
0-0: Called Strike 0-1: Called Strike 0-2: Ball 1-2: Foul Ball, location: 2F 1-2: Strikes out looking
|
Top of the 8th over - 0 run(s), 2 hit(s), 0 error(s), 2 left on base; Maui 0 - Niagara Falls 4 |
BOTTOM OF THE 8TH |
Niagara Falls Frenzy batting - Pitching for Maui Tropics : RHP Chuk-yan Zhuan
|
Batting: RHB Zander Tremblett
|
0-0: Fly out, F9 (Flyball, 89M)
|
Batting: LHB Clyde Yarbrough
|
0-0: Ball 1-0: Foul Ball, location: 2F 1-1: Ball 2-1: Ball 3-1: Called Strike 3-2: SINGLE (Groundball, 56D)
|
Batting: LHB Dante Owens
|
0-0: Called Strike 0-1: Ball 1-1: Foul Ball, location: 2F 1-2: Ball Clyde Yarbrough steals 2nd base 2-2: 2-RUN HOME RUN (Flyball, 9LD), Distance : 378 ft
|
Batting: RHB Lawrence Schroeder
|
0-0: Ball 1-0: Ball 2-0: Ground out 4-3 (Groundball, 4)
|
Batting: LHB Bill Hall
|
0-0: Ball 1-0: SINGLE (Line Drive, 4MD)
|
Batting: RHB Keitaro Suzuki
|
0-0: Ball 1-0: Fly out, F8 (Line Drive, 8LM)
|
Bottom of the 8th over - 2 run(s), 3 hit(s), 0 error(s), 1 left on base; Maui 0 - Niagara Falls 6 |
TOP OF THE 9TH |
Maui Tropics batting - Pitching for Niagara Falls Frenzy : RHP George Nelson
|
Batting: LHB Anacleto Morillo
|
0-0: Called Strike 0-1: SINGLE (Groundball, 34D)
|
Batting: RHB Michael Woodruff
|
0-0: Foul Ball, location: 2F 0-1: Ball 1-1: Ball 2-1: Ball 3-1: Base on Balls Anacleto Morillo to second
|
Batting: LHB Henry Huffman
|
0-0: Swinging Strike 0-1: Foul Ball, location: 2F 0-2: Ball 1-2: Foul Ball, location: 2F 1-2: Ball 2-2: Ball 3-2: Ground out 3-1 (Groundball, 34) Anacleto Morillo to third Michael Woodruff to second
|
Pitching: LHP António Bueno
|
|
Batting: RHB Matt Silver
|
0-0: Ball 1-0: Foul Ball, location: 2F 1-1: Fly out, F8 (Flyball, 8RD) Runner from 3rd tags up, SCORES, no throw
|
Pitching: RHP Esteban Juárez
|
|
Batting: LHB Javier Espinoza
|
0-0: Fly out, F7 (Flyball, 78M)
|
Top of the 9th over - 1 run(s), 1 hit(s), 0 error(s), 1 left on base; Maui 1 - Niagara Falls 6 |
|